 Dungeon Crawl Stone Soup version 0.24-a0-218-ga595e75 (webtiles) character file.

Game seed: 2100018562072573698

3693 Azzok the Sneak (level 10, -3/60 HPs)
             Began as an Octopode Assassin on Mar 30, 2019.
             Was a Believer of Vehumet.
             Slain by a two-headed ogre
             ... wielding a +0 dire flail
              (9 damage)
             ... on level 8 of the Dungeon.
             The game lasted 00:14:29 (9643 turns).

Azzok the Sneak (Octopode Assassin)                 Turns: 9643, Time: 00:14:29

Health: -3/60      AC:  3    Str: 11    XL:     10   Next: 13%
Magic:  17/17      EV: 13    Int: 17    God:    Vehumet [**....]
Gold:   297        SH:  5    Dex: 13    Spells: 9/18 levels left

rFire    . . .     SeeInvis +   j - +3 dagger (drain)
rCold    . . .     Gourm    .   i - +0 buckler
rNeg     . . .     Faith    .   m - +2 hat
rPois    .         Spirit   .   (no amulet)
rElec    .         Reflect  .   D - ring of see invisible
rCorr    .         Harm     .   (no ring)
MR       .....                  (no ring)
Stlth    ++++......             (no ring)
HPRegen  0.20/turn              (no ring)
MPRegen  0.15/turn              (no ring)
                                (no ring)
                                (no ring)

@: no status effects
A: almost no armour, stealthy swim, amphibious, 8 rings, constrict 8, camouflage
1, gelatinous body 1
a: Renounce Religion


You were on level 8 of the Dungeon.
You worshipped Vehumet.
Vehumet was pleased with you.
You were hungry.

You visited 2 branches of the dungeon, and saw 9 of its levels.

You collected 388 gold pieces.
You spent 91 gold pieces at shops.

Inventory:

Hand Weapons
 b - a +0 blowgun
 j - a +3 dagger of draining (weapon)
 t - a +2 dagger of venom
Missiles
 c - 19 poisoned needles
 d - 8 curare-tipped needles
 B - a throwing net (quivered)
Armour
 i - a +0 buckler (worn)
 m - a +2 hat (worn)
Jewellery
 D - a ring of see invisible (left tentacle)
Wands
 s - a wand of acid (23)
 y - a wand of digging (5)
 C - a wand of disintegration (7)
 F - a wand of scattershot (6)
Scrolls
 a - 2 scrolls of identify
 k - a scroll of enchant weapon
 n - a scroll of remove curse
 o - 2 scrolls of enchant armour {unknown}
 v - a scroll of fog {unknown}
 w - 2 scrolls of teleportation {unknown}
 z - 4 scrolls of magic mapping
 E - 2 scrolls of immolation {unknown}
Potions
 e - a potion of mutation {unknown}
 g - a potion of haste {unknown}
 h - a potion of agility
 l - 2 potions of degeneration {unknown}
 p - 2 potions of heal wounds {unknown}
 q - 2 potions of ambrosia {unknown}
 r - a potion of curing
 u - 2 potions of brilliance {unknown}
 A - a potion of experience {unknown}
 G - a potion of berserk rage {unknown}
Comestibles
 f - 17 rations


   Skills:
 - Level 2.0 Fighting
 - Level 5.0 Short Blades
 - Level 2.0 Throwing
 - Level 1.0 Dodging
 - Level 7.0 Stealth
 + Level 7.0 Shields
 + Level 4.8 Spellcasting
 + Level 5.2 Conjurations
 + Level 5.2 Fire Magic
 + Level 5.8 Evocations


You had 9 spell levels left.
You knew the following spells:

 Your Spells              Type           Power        Failure   Level  Hunger
a - Sticky Flame          Conj/Fire      ###.....     17%         4    ####...
b - Fireball              Conj/Fire      ###.......   43%         5    ######.

Your spell library contained the following spells:

 Spells                   Type           Power        Failure   Level  Hunger
 Shock                    Conj/Air       ##..         4%          1    None
 Flame Tongue             Conj/Fire      ###..        1%          1    None
 Throw Flame              Conj/Fire      ###...       2%          2    #......
 Conjure Flame            Conj/Fire      ###.....     4%          3    ###....
 Animate Skeleton         Necr           N/A          14%         1    None
 Apportation              Tloc           #.....       14%         1    None
 Beastly Appendage        Tmut           #.....       14%         1    None
 Confusing Touch          Hex            #.....       14%         1    None
 Summon Small Mammal      Summ           #...         14%         1    None
 Inner Flame              Hex/Fire       ##......     16%         3    ###....
 Sticks to Snakes         Tmut           #.......     22%         2    #......
 Spider Form              Tmut/Pois      #.........   41%         3    ###....
 Ice Form                 Ice/Tmut       #.......     82%         4    ####...
 Blade Hands              Tmut           #.........   99%         5    ######.


Dungeon Overview and Level Annotations

Branches:
Dungeon (8/15)             Temple (1/1) D:4
   Lair: D:8-11

Altars:
Ashenzari
Cheibriados
Dithmenos
Elyvilon
Fedhas
Gozag
Hepliaklqana
Kikubaaqudgha
Makhleb
Nemelex Xobeh
Okawaru
Ru
Sif Muna
Uskayaw
Vehumet
Wu Jian
Xom
Yredelemnul
Zin
The Shining One

Shops:
D:4 [=   D:7 *

Annotations:
D:3 2 runed translucent doors, derval's ghost, amateur DDEE


Innate Abilities, Weirdness & Mutations

You cannot wear most types of armour.
You are very stealthy in the water. (Stealth+)
You are amphibious.
You can wear up to eight rings at the same time.
You can use your tentacles to constrict eight enemies at once.
Your skin changes colour to match your surroundings (Stealth+).
Your rubbery body absorbs attacks. (AC +1, EV +1)


Message History

The two-headed ogre hits you with a +0 dire flail.
A gnoll comes into view. It is wielding a +0 spear.
As you read the scroll labeled KOLISELETIC, it crumbles to dust.
You feel aware of your surroundings.
You sensed 1 shop/portal.
It was a scroll of magic mapping.
The two-headed ogre closely misses you.
The two-headed ogre hits you with a +0 dire flail!!
* * * LOW HITPOINT WARNING * * *
Okay, then.
Okay, then.
Evoke which item? (* to show all) (? for menu, Esc to quit)
Aiming: Corrosive Bolt
Press: ? - help, Shift-Dir - straight line, f/p - two-headed ogre
Aim: a two-headed ogre, wielding two +0 dire flails The bolt of acid hits the two-headed ogre!
The two-headed ogre is splashed with acid.
The acid corrodes the two-headed ogre!
The two-headed ogre is moderately wounded.
The gnoll shouts!
The two-headed ogre hits you with a +0 dire flail!
You die...

░░◦░░◦░░◦░ ░◦>░◦░░░░░░◦◦◦◦░░░
░░◦░░◦░░◦░ ░◦◦◦◦◦◦◦◦◦◦<◦░◦◦◦░░
◦◦◦░░◦░░◦░░░░░◦░░░◦░░░░░◦░◦░◦◦░░░
░◦◦░░◦◦>◦◦◦◦◦◦◦◦◦◦◦◦◦◦◦◦◦◦◦◦◦◦◦◦◦
◦◦◦░░░░░░░░░░░░░░░◦░░░◦░◦░◦░◦░◦░◦
··░░ ░◦░ ░◦◦◦◦◦◦◦◦◦◦◦ ··▒ ░◦▒
░◦░◦░◦░◦◦◦░◦ ··▒▒▒
▒▒▒▒▒▒▒▒▒▒·▒▒▒··◦◦◦◦◦◦◦◦◦
··<·▒▒▒▒▒······O@····g·▒◦░◦◦◦◦◦░◦
··········▒▒▒▒▒▒▒▒▒▒▒···◦◦◦◦◦░◦◦◦
·····▒▒▒▒▒▒ ░◦◦░◦◦◦◦░░◦░◦
·····)▒▒ ░░◦◦◦◦◦◦◦◦◦◦◦ ·······▒
░◦░◦░◦░◦░◦◦◦ ··)····▒░░
░░◦◦◦◦◦◦◦◦◦◦░ ▒▒···▒···▒░░
░◦◦░◦░◦░◦◦◦◦░ ▒▒·▒▒·▒···▒░░
░◦◦◦◦◦◦◦◦◦░░░ ░░▒·▒◦··▒▒··◦░░░
░◦◦░◦░◦◦◦◦░ ░


You could see a two-headed ogre and a gnoll.

Vanquished Creatures
  Joseph (D:7)
  The ghost of Ratty the Ducker, a novice GnMo (D:5)
  A steam dragon (D:8)
  Edmund (D:5)
  4 orc warriors
  2 phantoms
  3 ogres
  5 centaurs
  A big kobold (D:7)
  A bullfrog (D:6)
  3 scorpions
  2 howler monkeys (D:4)
  3 crimson imps
  2 jellies
  Crazy Yiuf (D:7)
  A centaur skeleton (D:6)
  A bullfrog skeleton (D:4)
  4 orc priests
  4 hounds
  3 iguanas
  Terence (D:3)
  4 worker ants
  9 orc wizards
  Robin (D:2)
  6 gnolls
  3 adders
  3 adder zombies
  4 adder skeletons
  3 worms
  2 dart slugs
  6 leopard geckos
  27 orcs
  2 ball pythons
  5 giant cockroaches
  15 goblins
  12 hobgoblins
  7 jackals
  9 kobolds
  2 quokkas (D:7)
  6 bats
  9 frilled lizards
  A giant cockroach zombie (D:5)
  A leopard gecko zombie (D:6)
  6 rats
188 creatures vanquished.

Notes
Turn   | Place    | Note
-------+----------+-------------------------------------------
     0 | D:1      | Azzok the Octopode Assassin began the quest for the Orb.
     0 | D:1      | Reached XP level 1. HP: 14/14 MP: 1/1
   335 | D:1      | Reached XP level 2. HP: 19/19 MP: 2/2
   989 | D:2      | Reached skill level 1 in Shields
  1013 | D:2      | Reached XP level 3. HP: 24/24 MP: 3/3
  1152 | D:2      | Noticed Robin
  1463 | D:2      | Killed Robin
  1463 | D:2      | Reached XP level 4. HP: 22/29 MP: 4/4
  1889 | D:2      | Found a shadowy altar of Dithmenos.
  2058 | D:3      | Found a runed translucent door.
  2060 | D:3      | Noticed derval's ghost (amateur DDEE)
  2128 | D:3      | Found a runed translucent door.
  2350 | D:3      | Reached XP level 5. HP: 32/34 MP: 5/5
  2439 | D:3      | Noticed Terence
  2445 | D:3      | Killed Terence
  3329 | D:4      | Reached XP level 6. HP: 38/39 MP: 6/6
  3472 | D:4      | Found Dealun's Jewellery Shoppe.
  3484 | D:4      | Bought a cursed amulet of inaccuracy for 28 gold pieces
  3484 | D:4      | Bought a cursed ring of teleportation for 63 gold pieces
  3768 | D:4      | Noticed a phantom
  3825 | D:4      | Killed a phantom
  4025 | D:4      | Reached XP level 7. HP: 45/45 MP: 7/7
  4046 | D:4      | Found a staircase to the Ecumenical Temple.
  4063 | D:4      | Learned a level 4 spell: Sticky Flame
  4064 | Temple   | Entered the Ecumenical Temple
  4114 | Temple   | Became a worshipper of Vehumet
  4218 | D:4      | Found Biliokuc's Antique Armour Shop.
  4345 | D:4      | Reached skill level 5 in Short Blades
  4755 | D:5      | Entered Level 5 of the Dungeon
  4785 | D:5      | Found a runed translucent door.
  4801 | D:5      | Reached skill level 1 in Spellcasting
  4801 | D:5      | Reached skill level 1 in Conjurations
  4801 | D:5      | Reached skill level 1 in Fire Magic
  4801 | D:5      | Reached skill level 1 in Evocations
  4985 | D:5      | Noticed Edmund
  4998 | D:5      | Killed Edmund
  5107 | D:5      | Reached XP level 8. HP: 50/50 MP: 10/10
  5170 | D:5      | Reached skill level 5 in Shields
  5959 | D:5      | Noticed Ratty's ghost (novice GnMo)
  5988 | D:5      | Killed Ratty's ghost
  5988 | D:5      | Reached * piety under Vehumet
  5988 | D:5      | Offered knowledge of Sandblast by Vehumet.
  6298 | D:6      | Reached XP level 9. HP: 41/54 MP: 13/13
  7635 | D:7      | Offered knowledge of Shock by Vehumet.
  8292 | D:7      | Found Riri's Assorted Antiques.
  8341 | D:7      | Noticed Joseph
  8348 | D:7      | Found an iron altar of Okawaru.
  8362 | D:7      | Killed Joseph
  8362 | D:7      | Reached ** piety under Vehumet
  8362 | D:7      | Reached skill level 5 in Evocations
  8664 | D:7      | Found a runed translucent door.
  8665 | D:7      | Noticed Crazy Yiuf
  8672 | D:7      | Killed Crazy Yiuf
  8709 | D:7      | Found an opulent altar of Gozag.
  8865 | D:7      | Reached skill level 5 in Conjurations
  8895 | D:7      | Reached XP level 10. HP: 55/60 MP: 16/16
  8902 | D:7      | Learned a level 5 spell: Fireball
  8982 | D:8      | Reached skill level 5 in Fire Magic
  9619 | D:8      | Noticed a two-headed ogre
  9643 | D:8      | Slain by a two-headed ogre

Levels and vault maps discovered:
D:1:      minmay_arrival_stair_chambers, layout_basic, serial_park_tiny_pond
D:2:      layout_basic, eino_tiny_chamber, grunt_dithmenos_smoke, uniq_robin
D:3:      layout_basic, ebering_ghost_sewer_f, uniq_terence
D:4:      layout_basic, minmay_temple_entry_offerings, first_ration,
          serial_shops, shop, nicolae_shop_trees, nicolae_underground_beach
D:5:      layout_gridville, ebering_ghost_reflecting_pool, dk_noncrumbling_3,
          feat_on_display, uniq_edmund
D:6:      layout_basic
D:7:      layout_basic, kennysheep_okawaru_gauntlet, serial_shops, shop_statue,
          lemuel_tele_altar, uniq_crazy_yiuf_cottage, uniq_joseph
D:8:      layout_loops_ring, serial_shops, shop, hangedman_decor_riveting
Temple:   regret_index_temple_sigil_plot

Skill      XL: |  1  2  3  4  5  6  7  8  9 10 |
---------------+-------------------------------+-----
Shields        | 1 2 3 4 5 6 7 |  7.0
Stealth        | 6 7 |  7.0
Short Blades   | 3 4 5 |  5.0
Spellcasting   | 1 3 4 |  4.8
Conjurations   | 1 3 5 |  5.2
Fire Magic     | 1 3 4 5 |  5.2
Evocations     | 2 3 5 |  5.8
Fighting       | |  2.0
Throwing       | |  2.0
Dodging        | |  1.0

Action                   |  1- 3 |  4- 6 |  7- 9 | 10-12 || total
-------------------------+-------+-------+-------+-------++-------
Melee: Dagger            |    58 |   121 |   303 |    39 ||   521
       Constrict         |    12 |    22 |    50 |     3 ||    87
       Tentacles         |     6 |    14 |    53 |     4 ||    77
Evoke: Wand              |       |       |     3 |     5 ||     8
  Use: Scroll            |       |       |     4 |     1 ||     5
 Stab: Sleeping          |    13 |    14 |    27 |       ||    54
  Eat: Chunk             |     2 |     7 |    13 |     1 ||    23
       Ration            |       |       |     1 |       ||     1
Armor: Skin              |    10 |    12 |    18 |     4 ||    44
Dodge: Dodged            |    24 |    49 |    93 |    22 ||   188
Block: Buckler           |     5 |     7 |    45 |     5 ||    62

Table legend:
 A = Non-vault XP
 B = Vault XP
 C = Vault XP percentage of total XP
 D = Non-vault monster count
 E = Vault monster count
 F = Vault count percentage of total count
                 A         B        C        D         E       F
            +---------+---------+-------+---------+---------+-------
      Total |    4055 |    1221 |  23.1 |     169 |      19 |  10.1
            +---------+---------+-------+---------+---------+-------
        D:1 |      20 |       2 |   9.1 |      11 |       1 |   8.3
        D:2 |      51 |      33 |  39.3 |      25 |      11 |  30.6
        D:3 |     119 |      36 |  23.2 |      22 |       1 |   4.3
        D:4 |     622 |       0 |   0.0 |      22 |       0 |   0.0
        D:5 |     685 |     621 |  47.5 |      27 |       2 |   6.9
        D:6 |    1181 |       0 |   0.0 |      32 |       0 |   0.0
        D:7 |     749 |     529 |  41.4 |      19 |       4 |  17.4
        D:8 |     628 |       0 |   0.0 |      11 |       0 |   0.0
            +---------+---------+-------+---------+---------+-------
